 Dungeon Crawl Stone Soup version 0.29-a0-82-g837932c90e (webtiles) character file.

Game seed: 6254578017726572961

7 GrayStillPlays the Ruffian (level 2, 0/28 HPs)
             Began as an Ogre Transmuter on Feb 4, 2022.
             Succumbed to an adder's poison
             ... on level 3 of the Dungeon.
             The game lasted 00:01:40 (133 turns).

GrayStillPlays the Ruffian (Ogre Transmuter)         Turns: 133, Time: 00:01:40

Health: 0/28       AC:  3    Str: 13    XL:     2   Next: 0%
Magic:  5/5        EV:  9    Int: 14    God:
Gold:   0          SH:  0    Dex:  9    Spells: 5/6 levels left

rFire   . . .      SeeInvis .     - Unarmed
rCold   . . .      Faith    .   (no shield)
rNeg    . . .      Spirit   .   a - +0 robe
rPois   .          Reflect  .   (helmet restricted)
rElec   .          Harm     .   (no cloak)
rCorr   .          Rampage  .   (gloves unavailable)
Will    .....                   (boots unavailable)
Stlth   +.........              (no amulet)
HPRegen 0.09/turn               (no ring)
MPRegen 0.09/turn               (no ring)

@: lethally poisoned (0 -> -3)
A: large, unfitting armour, tough skin 1
a: no special abilities


You were on level 3 of the Dungeon.
You visited 1 branch of the dungeon, and saw 3 of its levels.


Innate Abilities, Weirdness & Mutations

You are too large for most types of armour.
You have tough skin. (AC +1)


   Skills:
 + Level 1.7 Fighting
 + Level 1.9 Dodging
 + Level 2.8 Unarmed Combat
 + Level 2.5 Spellcasting
 + Level 1.9 Transmutations


You had 5 spell levels left.
You knew the following spells:

 Your Spells              Type           Power      Damage    Failure   Level
a - Beastly Appendage     Tmut           14%        N/A       11%         1

Your spell library contained the following spells:

 Spells                   Type           Power      Damage    Failure   Level
 Wereblood                Tmut           7%         N/A       16%         2
 Spider Form              Tmut/Pois      4%         N/A       41%         3
 Ice Form                 Ice/Tmut       4%         N/A       83%         4

Inventory:

Armour
 a - a +0 robe (worn)

Dungeon Overview and Level Annotations

Branches:
Dungeon (3/15)

Altars:

# #####≈≈≈≈≈≈..
≈≈####≈≈≈≈≈≈≈≈≈≈..
≈≈≈≈≈≈≈≈≈≈≈≈≈≈≈≈..
≈≈≈≈≈≈≈≈≈≈≈≈≈≈≈8..
≈≈≈≈≈≈≈≈≈≈≈≈...8..
≈≈≈≈≈≈≈≈.†.........
.........#<........
########.#####.....
#..S@...$...
###...#.....
#.........
#.........
#.........
#.........
..........
..........


You could see an adder.


Message History

Things that are here:
a +0 club {mace}; a goblin corpse The kobold hits you with a +0 short sword.
* * * LOW HITPOINT WARNING * * *
😱 HP[-2]
You take 2 damage, and now have 2/19 hp.
The giant cockroach closely misses you. The giant cockroach bites you.
* * * LOW HITPOINT WARNING * * *
The giant cockroach bites you but does no damage.
The kobold hits you but does no damage.
The giant cockroach bites you but does no damage.
The giant cockroach misses you.
The giant cockroach bites you but does no damage.
The giant cockroach bites you but does no damage.
The giant cockroach bites you.
* * * LOW HITPOINT WARNING * * *
😱 HP[-1]
You take 1 damage, and now have 1/19 hp.
You hit the giant cockroach.
You kill the giant cockroach!
The kobold throws a stone.
The stone hits you but does no damage.
The kobold throws a stone.
The stone closely misses you.
The kobold throws a stone.
The stone barely misses you.
The kobold throws a stone.
The stone closely misses you.
Found a stone staircase leading down.
The kobold throws a stone.
The stone barely misses you. 😱 MP[+1]
Your mp is fully restored (4).
A kobold comes into view. It is wielding a +0 dagger. 😱 HP[+1]
The kobold throws a stone.
The stone barely misses you.
There is a stone staircase leading down here.
You hit the kobold.
You kill the kobold!
The kobold throws a stone.
The stone hits you but does no damage.
The kobold throws a stone.
The stone hits you.
* * * LOW HITPOINT WARNING * * *
You climb downwards.
The goblin shouts!
You hear a shout!
Found a stone staircase leading down.
There is a stone staircase leading up here. 😱 HP[-1]
You take 1 damage, and now have 1/19 hp.
You are too injured to fight recklessly!
Unknown command.
A rat comes into view.
There is a stone staircase leading down here.
You hit the goblin. The goblin hits you but does no damage.
You barely miss the goblin. The goblin barely misses you.
A gnoll comes into view. It is wielding a +0 whip. 😱 HP[+1]
The gnoll shouts!
You hit the goblin.
You kill the goblin!
You hear a shout!
The rat barely misses you.
You now have 20 max hp (+1).
A gnoll comes into view. It is wielding a +0 club.
There is a stone staircase leading up here.
Things that are here:
a +0 dagger {short}; a goblin corpse
There is a stone staircase leading down here.
You can't go up here!
The rat closely misses you.
You climb downwards.
There is a stone staircase leading up here.
You hit the rat.
You kill the rat!
You have reached level 2! 😱 HP[+1] MP[+1]
You now have 28 max hp (+8).
Your mp is fully restored (5).
You start resting.
An adder comes into view. 😱 HP[+1]
You see here a rat corpse.
The adder hisses angrily. 😱 HP[+1]
You hit the adder. The adder bites you but does no damage.
You miss the adder. The adder bites you but does no damage.
You barely miss the adder. The adder bites you but does no damage.
You barely miss the adder. The adder bites you.
* * * LOW HITPOINT WARNING * * *
You are lethally poisoned!
The adder poisons you!
The adder completely misses you. 😱 HP[-1]
You take 1 damage, and now have 4/28 hp.
You closely miss the adder.
* * * LOW HITPOINT WARNING * * *
You feel sick. The adder barely misses you. 😱 HP[-2]
You take 2 damage, and now have 2/28 hp.
You hit the adder but do no damage. The adder bites you but does no damage.
You closely miss the adder.
* * * LOW HITPOINT WARNING * * *
You feel sick.
The adder bites you but does no damage. 😱 HP[-1]
You take 1 damage, and now have 1/28 hp.
You closely miss the adder.
You die...

Action                   || total
-------------------------++-------
Melee: Unarmed           ||    22
 Cast: Beastly Appendage ||     1
Armor: Robe              ||    16
Dodge: Dodged            ||    18

Levels and vault maps discovered:
D:1:      dpeg_arrival_tiny_d, layout_loops_ring,
          hellmonk_ecumenical_altar_heavens_door,
          nicolae_concentric_dashed_squares_wild, patterned_corridor
D:2:      layout_rooms, uniq_robin
D:3:      wander_river, layout_basic, nicolae_overflow_hidden_temple,
          serial_shops, shop, chequers_serial_rivers_marsh,
          hangedman_abyss_or_decor_stabs, uniq_terence

Notes
Turn   | Place    | Note
-------+----------+-------------------------------------------
     0 | D:1      | GrayStillPlays the Ogre Transmuter began the quest for the
                  | Orb.
     0 | D:1      | Reached XP level 1. HP: 19/19 MP: 3/3
     0 | D:1      | magus.rc [v1.9.6]
    28 | D:1      | HP: 3/19 [kobold (2)]
    48 | D:1      | HP: 2/19 [kobold (2)]
    66 | D:1      | HP: 1/19 [giant cockroach (2)]
    92 | D:1      | HP: 1/19 [kobold/stone (1)]
   110 | D:3      | Reached XP level 2. HP: 3/28 MP: 5/5
   129 | D:3      | HP: 4/28 [adder (1)]
   132 | D:3      | HP: 1/28 [poisoned by an adder]
   133 | D:3      | Succumbed to an adder's poison

Vanquished Creatures
  A ball python (D:1)
  A giant cockroach (D:1)
  2 goblins
  A kobold (D:1)
  A rat (D:3)
6 creatures vanquished.

Table legend:
 A = Non-vault XP
 B = Vault XP
 C = Vault XP percentage of total XP
 D = Non-vault monster count
 E = Vault monster count
 F = Vault count percentage of total count
                 A         B        C        D         E       F
            +---------+---------+-------+---------+---------+-------
      Total |      10 |       0 |   0.0 |       6 |       0 |   0.0
            +---------+---------+-------+---------+---------+-------
        D:1 |       7 |       0 |   0.0 |       4 |       0 |   0.0
        D:2 |       2 |       0 |   0.0 |       1 |       0 |   0.0
        D:3 |       1 |       0 |   0.0 |       1 |       0 |   0.0
            +---------+---------+-------+---------+---------+-------

Illustrated notes

Table legend:
 A = Kills in this place as a percentage of kills in entire the game.
 B = Kills by you in this place as a percentage of kills by you in the entire game.
 C = Kills by friends in this place as a percentage of kills by friends in the entire game.
 D = Other kills in this place as a percentage of other kills in the entire game.
 E = Experience gained in this place as a percentage of experience gained in the entire game.
 F = Experience gained in this place divided by the number of levels of this place that you have seen.
                   A       B       C       D       E      F
               +-------+-------+-------+-------+-------+----------------------
         Total | 100.0 | 100.0 |   N/A |   N/A | 100.0 |   3.3
       Dungeon | 100.0 | 100.0 |   N/A |   N/A | 100.0 |   3.3
               +-------+-------+-------+-------+-------+----------------------

Table legend: (Time is in decaauts)
 A = Elapsed time spent in this place.
 B = Non-inter-level travel time spent in this place.
 C = Inter-level travel time spent in this place.
 D = Time resting spent in this place.
 E = Time spent auto-exploring this place.
 F = Levels seen in this place.
 G = Mean time per level.
                   A        B        C        D        E       F      G
               +--------+--------+--------+--------+--------+-----+--------+
         Total |    131 |    131 |      0 |      8 |     13 |   3 |   43.7 |
       Dungeon |    131 |    131 |      0 |      8 |     13 |   3 |   43.7 |
               +--------+--------+--------+--------+--------+-----+--------+

Top non-repeatable levels by time:
     D:1: 92 daAuts
     D:3: 24 daAuts
     D:2: 14 daAuts
